 Dungeon Crawl Stone Soup version 0.28-a0-2-g643f2454ad (webtiles) character file.

Game seed: 11050610431366192764

386861 Feb132020 the Stormcaller (level 23, -6/140 HPs)
             Began as a Tengu Conjurer on July 18, 2021.
             Was a High Priest of Ashenzari.
             Killed from afar by Margery (34 damage)
             ... with a fireball
             ... on level 2 of the Crypt on July 22, 2021.
             The game lasted 07:07:03 (72023 turns).

Feb132020 the Stormcaller (Tengu Conjurer)         Turns: 72023, Time: 07:07:04

Health: -6/140     AC: 17    Str: 14    XL:     23   Next: 1%
Magic:  36/48      EV: 29    Int: 23    God:    Ashenzari [*****.]
Gold:   1825       SH: 17    Dex: 20    Spells: 10/63 levels left

rFire   + . .      SeeInvis +   X - +7 captain's cutlass {speed, disarm, Bglg, Melee} (curse)
rCold   . . .      Faith    .   D - +3 buckler of the Ruined Augur {AC+3, Bglg, Self} (curse)
rNeg    + + +      Spirit   .   s - +1 robe of the Hart {+Blink Will+++ Stlth+}
rPois   +          Reflect  +   i - +2 hat "Celestial Mistrust" {Int+3, Cun, Self} (curse)
rElec   +          Harm     .   Y - +2 cloak of Ashenzari's Discomfort {Will+, Cun, Elem} (curse)
rCorr   .          Rampage  .   a - +2 pair of gloves "Moon of the Bound God" {Dex+3, Fort, Comp} (curse)
Will    +++++      Clarity  +   (boots unavailable)
Stlth   ++++++++..              u - amulet of Toth-Mos's Legacy {Reflect SH+5, Melee, Cun} (curse)
HPRegen 0.33/turn               C - ring "Gaze Upon Infinity" {rPois rN++, Cun, Alch} (curse)
MPRegen 0.31/turn               P - ring "Adversity of Ashenzari" {rElec rF+ rN+ Will+, Comp, Alch} (curse)

@: flying quickly and evasively, studying 2 skills, quick
A: beak, talons 3, nimble flight, iridescent scales 1, strong 1
}: 2/15 runes: decaying, serpentine
a: Renounce Religion, Evoke Blink, Shatter the Chains


You were on level 2 of the Crypt.
You worshipped Ashenzari.
Ashenzari was extremely pleased with you.
You visited 9 branches of the dungeon, and saw 39 of its levels.
You visited 1 bazaar.
You also visited: Ossuary, Ice Cave and Volcano.

You collected 6399 gold pieces.
You spent 4574 gold pieces at shops.

Inventory:

Hand Weapons
 B - the +10 dagger "Woekufai" {vorpal, Str+4 Int+2}
   (You took it off a boggart on level 1 of the Crypt)

   It inflicts extra damage upon your enemies.
   Str:       It affects your strength (+4).
   Int:       It affects your intelligence (+2).
 M - the +7 dagger "Icleshad" {drain, rC+ rN++ Dex-2}
   (You bought it in a shop on level 3 of the Snake Pit)

   A truly terrible weapon, it drains the life of any living foe it strikes.
   Dex:       It affects your dexterity (-2).
   rC:        It protects you from cold.
   rN:        It greatly protects you from negative energy.
 N - the +9 scimitar "Mesin Qir" {speed, rF+}
   (You bought it in a shop on level 3 of the Snake Pit)

   Attacks with this weapon are significantly faster.
   rF:        It protects you from fire.
 X - the cursed +7 captain's cutlass (weapon) {speed, disarm, Bglg, Melee}
   (You found it on level 6 of the Lair of Beasts)

   Attacks with this weapon are significantly faster.
   It may disarm weapon-wielding foes when striking them, dealing extra damage
   in the process.
   It has a curse which improves the following skills: Beguiling: Conjurations,
   Hexes and Translocations.
   Melee Combat: Short Blades, Long Blades, Axes, Maces & Flails, Polearms,
   Staves and Unarmed Combat.
Armour
 a - the cursed +2 pair of gloves "Moon of the Bound God" (worn) {Dex+3, Fort, Comp}
   (You found it on level 3 of the Snake Pit)

   It has a curse which improves the following skills: Fortitude: Armour and
   Shields.
   Companions: Summonings and Necromancy.
 i - the cursed +2 hat "Celestial Mistrust" (worn) {Int+3, Cun, Self}
   (You took it off Gastronok on level 12 of the Dungeon)

   It has a curse which improves the following skills: Cunning: Dodging and
   Stealth.
   Introspection: Fighting and Spellcasting.
 s - the +1 robe of the Hart (worn) {+Blink Will+++ Stlth+}
   (You took it off a deep elf pyromancer on level 3 of the Elven Halls)

   +Blink:    It lets you blink.
   Will:      It greatly increases your willpower.
   Stlth:     It makes you more stealthy.
 D - the cursed +3 buckler of the Ruined Augur (worn) {AC+3, Bglg, Self}
   (You bought it in a shop in a bazaar)

   It has a curse which improves the following skills: Beguiling: Conjurations,
   Hexes and Translocations.
   Introspection: Fighting and Spellcasting.
 Y - the cursed +2 cloak of Ashenzari's Discomfort (worn) {Will+, Cun, Elem}
   (You bought it in a shop on level 2 of the Orcish Mines)

   It has a curse which improves the following skills: Cunning: Dodging and
   Stealth.
   Elements:  Fire Magic, Ice Magic, Air Magic and Earth Magic.
Jewellery
 u - the cursed amulet of Toth-Mos's Legacy (around neck) {Reflect SH+5, Melee, Cun}
   (You found it on level 5 of the Dungeon)

   [amulet of reflection]

   It reflects blocked missile attacks.
   SH:        It affects your SH (+5).
   It has a curse which improves the following skills: Melee Combat: Short
   Blades, Long Blades, Axes, Maces & Flails, Polearms, Staves and Unarmed
   Combat.
   Cunning:   Dodging and Stealth.
 w - an amulet of guardian spirit
 x - the ring of Freedom {Wiz Int+4}
   (You took it off a deep elf zephyrmancer on level 3 of the Elven Halls)

   [ring of wizardry]

   It improves your spell success rate.
   Int:       It affects your intelligence (+4).
 C - the cursed ring "Gaze Upon Infinity" (left hand) {rPois rN++, Cun, Alch}
   (You bought it in a shop on level 2 of the Snake Pit)

   [ring of poison resistance]

   rPois:     It protects you from poison.
   rN:        It greatly protects you from negative energy.
   It has a curse which improves the following skills: Cunning: Dodging and
   Stealth.
   Alchemy:   Poison Magic and Transmutations.
 E - the amulet of Vitality {Regen+ HP+15}
   (You found it on level 3 of the Elven Halls)

   [amulet of regeneration]

   HP:        It affects your health (+15).
   Regen:     It increases your rate of health regeneration.
 P - the cursed ring "Adversity of Ashenzari" (right hand) {rElec rF+ rN+ Will+, Comp, Alch}
   (You took it off a deep elf pyromancer on level 3 of the Elven Halls)

   [ring of positive energy]

   rF:        It protects you from fire.
   rElec:     It insulates you from electricity.
   rN:        It protects you from negative energy.
   Will:      It increases your willpower.
   It has a curse which improves the following skills: Companions: Summonings
   and Necromancy.
   Alchemy:   Poison Magic and Transmutations.
Wands
 e - a wand of acid (40)
 t - a wand of flame (97)
 v - a wand of iceblast (43)
 H - a wand of mindburst (30)
 L - a wand of digging (9)
Scrolls
 c - 11 scrolls of teleportation
 d - 2 scrolls of enchant armour
 h - a scroll of amnesia
 k - 3 scrolls of silence
 l - 3 scrolls of fear
 r - 3 scrolls of fog
 y - 2 scrolls of summoning
 z - 11 scrolls of magic mapping
 G - 4 scrolls of blinking
 R - 3 scrolls of holy word
 Z - 7 scrolls of enchant weapon
Potions
 f - 5 potions of heal wounds
 g - 6 potions of haste
 j - 5 potions of magic
 n - 7 potions of might
 o - 7 potions of brilliance
 p - 10 potions of curing
 q - 8 potions of invisibility
 Q - 4 potions of resistance
 S - 2 potions of cancellation
 V - 4 potions of mutation
Miscellaneous
 b - a phantom mirror
 J - a phantom mirror
 O - a phial of floods
 W - a tin of tremorstones (2/2)


   Skills:
 + Level 9.3(13.1) Fighting
 + Level 13.6(17.2) Short Blades
 + Level 5.9(8.6) Armour
 + Level 11.3(17.2) Dodging
 + Level 11.3(17.2) Stealth
 + Level 15.0(17.2) Shields
 + Level 17.3(20.6) Spellcasting
 + Level 16.7(20.1) Conjurations
 + Level 4.0(7.7) Hexes
 + Level 9.1(12.9) Summonings
 + Level 4.1(7.9) Necromancy
 + Level 5.8(9.9) Translocations
 + Level 5.5(9.5) Transmutations
 + Level 9.2(11.7) Fire Magic
 + Level 6.0(8.7) Ice Magic
 + Level 19.0(21.0) Air Magic
 + Level 2.7(5.0) Earth Magic
 + Level 3.5(7.1) Poison Magic
 + Level 3.9 Evocations


You had 10 spell levels left.
You knew the following spells:

 Your Spells              Type           Power      Damage    Failure   Level
a - Shock                 Conj/Air       100%       1d9       0%          1
b - Airstrike             Air            44%        N/A       0%          4
c - Dazzling Flash        Conj/Hex       100%       N/A       1%          3
d - Hailstorm             Conj/Ice       74%        3d15      1%          4
e - Spellforged Servitor  Conj/Summ      39%        N/A       1%          7
g - Iskenderun's Mystic   Conj/Tloc      75%        2d15      1%          4
i - Sticky Flame          Conj/Fire      77%        2d9       1%          4
j - Poisonous Vapours     Pois/Air       100%       N/A       0%          2
k - Mephitic Cloud        Conj/Pois/Air  78%        N/A       0%          3
l - Freezing Cloud        Conj/Ice/Air   39%        6-21      1%          5
m - Starburst             Conj/Fire      38%        8x6d11    1%          6
o - Summon Lightning Spi  Summ/Air       80%        N/A       1%          4
p - Passwall              Tmut/Erth      45%        N/A       1%          2
s - Swiftness             Air            88%        N/A       0%          3
A - Apportation           Tloc           100%       N/A       1%          1

Your spell library contained the following spells:

 Spells                   Type           Power      Damage    Failure   Level
 Magic Dart               Conj           100%       1d8       0%          1
 Summon Small Mammal      Summ           100%       N/A       0%          1
 Call Imp                 Summ           70%        N/A       0%          2
 Searing Ray              Conj           100%       3d7       0%          2
 Static Discharge         Conj/Air       87%        N/A       0%          2
 Conjure Flame            Conj/Fire      77%        6-21      0%          3
 Lightning Bolt           Conj/Air       43%        1d63      0%          5
 Animate Skeleton         Necr           100%       N/A       1%          1
 Corona                   Hex            62%        N/A       1%          1
 Pain                     Necr           100%       1d9       1%          1
 Sandblast                Erth           92%        2d19      1%          1
 Blink                    Tloc           N/A        N/A       1%          2
 Ensorcelled Hibernation  Hex/Ice        100%       N/A       1%          2
 Sublimation of Blood     Necr           28%        N/A       1%          2
 Call Canine Familiar     Summ           70%        N/A       1%          3
 Ignite Poison            Fire/Tmut/Pois 61%        N/A       1%          3
 Portal Projectile        Hex/Tloc       100%       N/A       1%          3
 Stone Arrow              Conj/Erth      100%       3d13      1%          3
 Summon Guardian Golem    Hex/Summ       63%        N/A       1%          3
 Tukima's Dance           Hex            56%        N/A       1%          3
 Animate Armour           Summ/Erth      100%       N/A       1%          4
 Animate Dead             Necr           28%        N/A       1%          4
 Fulminant Prism          Conj/Hex       36%        3d18      1%          4
 Ice Form                 Ice/Tmut       60%        N/A       1%          4
 Leda's Liquefaction      Hex/Erth       26%        N/A       1%          4
 Agony                    Necr           56%        N/A       1%          5
 Alistair's Intoxication  Tmut/Pois      38%        N/A       1%          5
 Excruciating Wounds      Necr           28%        N/A       1%          5
 Fireball                 Conj/Fire      38%        3d16      1%          5
 Manifold Assault         Tloc           62%        N/A       1%          5
 Summon Forest            Summ/Tloc      33%        N/A       1%          5
 Conjure Ball Lightning   Conj/Air       43%        3x3d15    1%          6
 Borgnjor's Vile Clutch   Necr/Erth      26%        N/A       3%          5
 Storm Form               Tmut/Air       38%        N/A       3%          7
 Dispersal                Tloc           31%        N/A       4%          6
 Lee's Rapid Deconstruct  Erth           23%        3d14*     7%          5
 Monstrous Menagerie      Summ           35%        N/A       8%          7
 Summon Hydra             Summ           35%        N/A       8%          7
 Eringya's Noxious Bog    Tmut/Pois      29%        N/A       10%         6
 Simulacrum               Ice/Necr       29%        N/A       10%         6
 Death Channel            Necr           28%        N/A       12%         6
 Invisibility             Hex            28%        N/A       12%         6
 Malign Gateway           Summ/Tloc      33%        N/A       14%         7
 Summon Horrible Things   Summ           35%        N/A       52%         8
 Lehudib's Crystal Spear  Conj/Erth      34%        10d9      58%         8
 Ignition                 Fire           33%        3d10      69%         8
 Disjunction              Tloc           31%        N/A       91%         8
 Dragon's Call            Summ           35%        N/A       100%        9


Dungeon Overview and Level Annotations

Branches:
Dungeon (15/15)            Temple (1/1) D:6            Lair (6/6) D:10
  Swamp (4/4) Lair:4        Snake (4/4) Lair:4        Slime (0/5) Lair:5
    Orc (2/2) D:10            Elf (3/3) Orc:2        Vaults (2/5) D:14
  Crypt (2/3) Vaults:2     Depths (0/5) D:15        Ossuary (visited)
  IceCv (visited)         Volcano (visited)

Altars:
Ashenzari
Cheibriados
Dithmenos
Elyvilon
Fedhas
Gozag
Hepliaklqana
Kikubaaqudgha
Makhleb
Nemelex Xobeh
Okawaru
Qazlal
Ru
Sif Muna
Trog
Uskayaw
Vehumet
Wu Jian
Xom
Yredelemnul
Zin
The Shining One

Shops:
D:2 ?**:   D:5 (   D:7 [   D:9 [   D:10 !==[   Orc:1 ?   Orc:2 (*=?   Elf:1 (
Elf:3 :   Snake:2 =::   Snake:3 (*!

Annotations:
D:3 Grinder, Sigmund
D:4 3 runed translucent doors, Conn's ghost, amateur OpFE
D:8 2 transporters, 2tc's ghost, amateur DrTm
D:13 Qiacvoiz's ghost, journeyman DgAE
Swamp:4 Roxanne
Crypt:2 Margery


Innate Abilities, Weirdness & Mutations

You have a beak for a mouth.
You have claws for feet.
Your magical nature lets you fly swiftly and evasively.
You are partially covered in iridescent scales. (AC +2)
Your muscles are strong. (Str +2)


Message History

You hear a shout!
Unknown command.
Margery is engulfed in freezing vapours.
Margery is engulfed in freezing vapours.
Blink to where?
Press: ? - help, Dir - move target, p - Margery
As you read the scroll of blinking, it crumbles to dust.
You start resting.
Margery is nearby!
Casting: Freezing Cloud (safe; 1% risk of failure)
Confirm with . or Enter, or press ? or * to list all spells.
Aiming: Freezing Cloud (safe; 1% risk of failure)
Press: ? - help, Dir - move target That beam is likely to hit you.
Continue anyway?
Margery is engulfed in freezing vapours.
Unknown command.
Margery is engulfed in freezing vapours.
Margery is engulfed in freezing vapours.
Margery is engulfed in freezing vapours.
Margery is engulfed in freezing vapours.
Margery is engulfed in freezing vapours.
Casting: Freezing Cloud (safe; 1% risk of failure)
Confirm with . or Enter, or press ? or * to list all spells.
Aiming: Freezing Cloud (safe; 1% risk of failure)
Press: ? - help, Dir - move target That beam is likely to hit you.
Continue anyway?
Margery is engulfed in freezing vapours.
Casting: Freezing Cloud (safe; 1% risk of failure)
Confirm with . or Enter, or press ? or * to list all spells.
Aiming: Airstrike (safe; 0% risk of failure)
Press: ? - help, Dir - move target, f - Margery
Aim: Margery, wielding a +3 glaive of distortion and wearing +2 storm dragon scales (freezing vapour, heavily wounded)
The air twists around and strikes Margery.
Margery is heavily wounded.
Margery is engulfed in freezing vapours.
Margery casts a spell at you.
The fireball explodes!
You hear a sizzling sound! x2
The fireball engulfs you!! You resist.
You die...

#########.### #########.###
###.......### ###.#########
######################.#########
######################.########
######################.###
.........§@§§§...#####.###
################@#####.###
###............#.#####.###
###.#########....#####.###
###.#########..#######.###
###....................###
#############..#######.###
##########################
#########################


You could see Margery.

Vanquished Creatures
  Saint Roka (Vaults:1)
  Bai Suzhen (Crypt:2)
  the Lernaean hydra (Swamp:4)
  Vashnia (Snake:4)
  Jorgrun (Orc:2)
  4 deep elf blademasters
  2 deep elf master archers (Elf:3)
  2 ancient champions (Crypt:1)
  Agnes (Snake:1)
  Kirke (Swamp:3)
  2 tengu reavers (Vaults:1)
  2 thorn hunters
  Gastronok (D:12)
  A fenstrider witch (Swamp:3)
  2 revenants (Crypt:1)
  7 nagarajas
  Aizul (Snake:2)
  A fire giant (Vaults:1)
  5 vault wardens
  4 deep elf sorcerers (Elf:3)
  5 deep elf elementalists
  11 ironbound preservers
  8 very ugly things
  10 ghouls
  2 vampire knights (Crypt:1)
  A caustic shrike skeleton (Crypt:1)
  3 dire elephants (Vaults:1)
  2 deep elf demonologists (Elf:3)
  4 deep elf annihilators
  7 bunyips
  3 eidola
  4 eleionomae
  8 jiangshi
  3 deep elf high priests (Elf:3)
  3 deep elf death magi
  4 ironbound thunderhulks
  4 yaktaur captains
  3 ice dragons (IceCv)
  4 salamander tyrants
  5 ghost crabs
  27 hydras
  2 catoblepae
  3 boulder beetles
  18 naga warriors
  A vault guard (Vaults:2)
  An ogre mage (D:11)
  9 ironbound frosthearts
  13 anacondas
  11 centaur warriors
  5 death knights
  Erica (D:10)
  A merfolk avatar (Lair:6)
  6 two-headed ogres
  4 tengu warriors
  A deep troll earth mage (Vaults:2)
  11 alligators
  15 death yaks
  A hell hog (Volcano)
  5 vampire magi
  16 dancing weapons
  4 shock serpents
  3 ironbound beastmasters (Vaults:1)
  17 naga sharpshooters
  8 orc high priests
  A soul eater (Vaults:2)
  A titan zombie (Crypt:1)
  Nergalle (Lair:1)
  18 deep elf knights
  3 skeletal warriors
  A fire crab (Volcano)
  A goliath frog (Swamp:3)
  An iron giant zombie (Crypt:2)
  2 salamander mystics
  4 spriggan druids
  A shadow dragon zombie (Crypt:2)
  12 deep trolls
  A golden dragon skeleton (Crypt:2)
  A lindwurm (Vaults:1)
  17 swamp dragons
  10 bog bodies
  4 naga ritualists
  3 phantasmal warriors (Crypt:1)
  Pikel (D:5)
  3 flayed ghosts
  2 anaconda skeletons (Crypt:1)
  A shadow demon (Crypt:1)
  6 ironbound convokers
  An iron giant skeleton (Crypt:2)
  18 deep elf archers
  4 large abominations (Elf:1)
  6 wizards
  A sphinx zombie (Crypt:2)
  30 deep elf zephyrmancers
  A wolf spider (D:15)
  22 salamanders
  A shadow dragon skeleton (Crypt:1)
  34 deep elf pyromancers
  8 mana vipers
  4 harpies
  4 necromancers
  4 orc sorcerers
  A mana viper (shapeshifter) (Elf:3)
  5 orc knights
  12 ugly things
  8 manticores
  4 will-o-the-wisps
  29 slime creatures
  2 oklob plants (Lair:6)
  2 cyclopes
  2 manticores (shapeshifter)
  A salamander (shapeshifter) (Elf:2)
  2 vault sentinels (Vaults:1)
  35 black mambas
  11 elephants
  12 guardian serpents
  19 naga magi
  3 storm dragon simulacra (IceCv)
  15 cane toads
  A molten gargoyle (D:14)
  A gargoyle (D:11)
  2 unseen horrors
  An alligator snapping turtle zombie (Crypt:1)
  5 rime drakes
  5 komodo dragons
  Psyche (D:10)
  A kobold demonologist (Crypt:1)
  A komodo dragon (shapeshifter) (D:13)
  A tengu conjurer (D:14)
  17 yaktaurs
  4 entropy weaver simulacra (D:14)
  5 freezing wraiths
  A troll (shapeshifter) (D:14)
  3 meliai (D:13)
  2 bloated husks
  A hornet (shapeshifter) (Elf:2)
  4 golden dragon simulacra (IceCv)
  11 tyrant leeches
  7 hornets
  7 polar bears
  5 blink frogs
  An ettin zombie (Crypt:1)
  4 trolls
  A wind drake (Lair:6)
  A fire dragon zombie (Crypt:1)
  A meliai zombie (D:11)
  9 dream sheep
  5 air elementals
  A dire elephant simulacrum (D:14)
  A centaur simulacrum (D:15)
  6 spriggans
  5 wyverns
  3 shadows
  3 flying skulls (Crypt:2)
  3 water elementals
  2 yaks (shapeshifter) (D:13)
  5 wraiths
  2 spriggan simulacra (D:14)
  A basilisk (Lair:2)
  A human (Swamp:3)
  5 fire elementals
  5 fire bats (Volcano)
  28 yaks
  2 steam dragons (Lair:6)
  21 vampire mosquitoes
  2 wargs
  49 nagas
  16 swamp worms
  2 two-headed ogre zombies (D:10)
  An acid dragon (D:10)
  A glowing shapeshifter zombie (Crypt:1)
  2 hell hounds (Volcano)
  A hydra simulacrum (Crypt:1)
  26 water moccasins
  8 swamp drakes (Swamp:4)
  An ice beast (D:7)
  21 orc warriors
  A sky beast (D:7)
  2 black bears
  A lindwurm zombie (Crypt:1)
  A blink frog zombie (Crypt:2)
  15 ogres
  7 necrophages
  2 boggarts (Crypt:1)
  An ice dragon simulacrum (IceCv)
  19 wolves
  2 lemures (D:5)
  5 centaurs
  6 kobold brigands
  4 phantoms
  A gnoll sergeant (D:10)
  An elf zombie (Elf:1)
  19 bullfrogs
  A wyvern zombie (D:9)
  2 scorpions
  4 earth elementals
  A deep troll simulacrum (D:14)
  3 water moccasin skeletons
  A queen bee zombie (Crypt:2)
  4 lindwurm simulacra (IceCv)
  A troll zombie (D:10)
  5 killer bees (D:8)
  A yak zombie (Crypt:2)
  13 wights
  A howler monkey (D:11)
  A wolf skeleton (Crypt:2)
  A lava snake (D:14)
  3 hounds
  3 centaur zombies
  21 orc priests
  3 jellies (Lair:5)
  A gnoll shaman (D:6)
  2 iguanas
  3 iron imps (D:7)
  Crazy Yiuf (D:5)
  Ijyb (D:5)
  Terence (D:2)
  17 orc wizards
  4 hell rats (Lair:3)
  5 ogre zombies (D:10)
  A naga skeleton (Crypt:2)
  8 mummies (Ossuary)
  2 howler monkey zombies
  Robin (D:1)
  8 gnolls
  4 adders
  A shadow imp (D:6)
  A white imp (D:7)
  An ufetubus (D:6)
  3 dart slugs
  71 orcs
  4 bats (D:2)
  8 endoplasms
  3 giant cockroaches (D:1)
  12 goblins
  7 hobgoblins
  13 jackals
  2 quokkas
  5 ball pythons
  4 frilled lizards
  A frilled lizard zombie (Crypt:1)
  A goblin skeleton (D:10)
  5 goblin zombies (D:10)
  A hobgoblin skeleton (D:10)
  5 hobgoblin zombies
  21 kobolds
  4 kobold zombies (Ossuary)
  3 orc skeletons (D:10)
  15 orc zombies
  5 rats
  A butterfly (Lair:3)
1458 creatures vanquished.

Vanquished Creatures (collateral kills)
  An ancient champion (Crypt:1)
  A shadow dragon (Vaults:2)
  A nagaraja (Snake:4)
  4 vault wardens
  A stone giant (Vaults:2)
  3 very ugly things (Vaults:2)
  4 jiangshi
  A mummy priest (Crypt:1)
  An ironbound thunderhulk (Vaults:2)
  A yaktaur captain (Vaults:1)
  2 naga warriors (Snake:4)
  3 ironbound frosthearts
  An anaconda (Snake:4)
  A centaur warrior (Vaults:1)
  2 naga sharpshooters (Snake:4)
  A salamander mystic (Snake:4)
  2 skeletal warriors (Crypt:1)
  A glowing orange brain (Vaults:1)
  8 deep trolls
  A glowing orange brain (shapeshifter) (Vaults:2)
  2 ironbound convokers (Vaults:2)
  A shadow demon (Crypt:1)
  2 lindwurms (Vaults:1)
  5 ugly things
  A salamander (Snake:3)
  2 vault sentinels (Vaults:2)
  A naga mage (Snake:4)
  A kobold demonologist (Crypt:1)
  8 yaktaurs
  3 nagas (Snake:4)
  2 wargs (Vaults:1)
  A merfolk skeleton (Crypt:1)
  An orc (Vaults:1)
70 creatures vanquished.

Vanquished Creatures (others)
  A wizard (Vaults:2)
  A deep elf pyromancer (Elf:3)
  2 humans (Swamp:3)
  A swamp worm (Swamp:1)
  4 foxfires
  A fulminant prism (IceCv)
  49 fungi
  142 plants
201 creatures vanquished.

Grand Total: 1729 creatures vanquished

Notes
Turn   | Place    | Note
-------+----------+-------------------------------------------
     0 | D:1      | Feb132020 the Tengu Conjurer began the quest for the Orb.
     0 | D:1      | Reached XP level 1. HP: 10/10 MP: 4/4
    92 | D:1      | Found a faded altar of an unknown god.
   249 | D:1      | Reached XP level 2. HP: 15/15 MP: 4/6
   252 | D:1      | Learned a level 2 spell: Searing Ray
   978 | D:1      | Reached XP level 3. HP: 6/19 MP: 3/7
   982 | D:1      | Learned a level 3 spell: Dazzling Flash
  1411 | D:2      | Found Nahihyil's General Store.
  1432 | D:2      | Noticed Robin
  1541 | D:2      | Found Lesch's Assorted Antiques.
  1549 | D:2      | Found Ceomyrix's Book Shoppe.
  1556 | D:2      | Noticed Terence
  1560 | D:2      | Killed Terence
  1784 | D:2      | Reached XP level 4. HP: 24/24 MP: 6/8
  1877 | D:2      | Found Cyafrupp's Magic Scroll Shoppe.
  1886 | D:2      | Bought 3 scrolls of identify for 72 gold pieces
  2271 | D:1      | Killed Robin
  2946 | D:3      | Gained mutation: Your magical nature lets you fly swiftly
                  | and evasively. [Tengu growth]
  2946 | D:3      | Reached XP level 5. HP: 28/28 MP: 7/10
  2975 | D:3      | Found a broken altar of Ashenzari.
  2976 | D:3      | Found a basalt altar of Yredelemnul.
  2986 | D:3      | Became a worshipper of Ashenzari the Shackled
  3148 | D:3      | Noticed Grinder
  3168 | D:3      | Noticed Sigmund
  3795 | D:3      | Reached skill level 1 in Short Blades
  3929 | D:4      | Reached XP level 6. HP: 33/33 MP: 4/12
  4295 | D:4      | Found a runed translucent gate.
  4296 | D:4      | Found a runed translucent gate.
  4299 | D:4      | Found a runed translucent gate.
  4302 | D:4      | Noticed Conn's ghost (amateur OpFE)
  4492 | D:4      | Reached skill level 1 in Fighting
  4492 | D:4      | Reached XP level 7. HP: 38/38 MP: 5/14
  4740 | D:5      | Entered Level 5 of the Dungeon
  4906 | D:5      | Found Hucawagh's Weapon Emporium.
  5106 | D:5      | Noticed Ijyb
  5113 | D:5      | Killed Ijyb
  5225 | D:5      | Reached XP level 8. HP: 42/44 MP: 7/17
  5317 | D:5      | Noticed Pikel
  5355 | D:5      | Killed Pikel
  5356 | D:5      | Reached skill level 5 in Spellcasting
  5459 | D:5      | Found a glowing golden altar of the Shining One.
  5712 | D:5      | Found a runed translucent door.
  5713 | D:5      | Noticed Crazy Yiuf
  5945 | D:5      | Killed Crazy Yiuf
  6054 | D:6      | Found a staircase to the Ecumenical Temple.
  6081 | D:6      | Found a sand-covered staircase.
  6087 | Ossuary  | Entered an ossuary
  6093 | Ossuary  | Reached * piety under Ashenzari
  7014 | D:6      | Reached XP level 9. HP: 49/49 MP: 14/20
  7031 | D:6      | Reached skill level 10 in Conjurations
  7328 | D:2      | Bought a book of Air for 286 gold pieces
  7330 | D:2      | Learned a level 1 spell: Shock
  7547 | D:6      | Reached skill level 1 in Air Magic
  7681 | D:6      | Reached skill level 3 in Air Magic
  8500 | D:7      | Reached skill level 4 in Air Magic
  8548 | Temple   | Entered the Ecumenical Temple
  8836 | D:7      | Found a burning altar of Makhleb.
  8972 | D:7      | Found a radiant altar of Vehumet.
  9137 | D:7      | Found Ifya's Armour Boutique.
  9156 | D:7      | Reached skill level 5 in Air Magic
  9178 | D:7      | Identified the cursed ring "Overhang to Understand" {Dex+6,
                  | Self, Elem} (You found it on level 3 of the Dungeon)
  9412 | D:7      | Found a stormy altar of Qazlal.
 10093 | D:8      | Noticed 2tc's ghost (amateur DrTm)
 10374 | D:8      | Reached ** piety under Ashenzari
 10497 | D:8      | Reached XP level 10. HP: 53/56 MP: 23/23
 10521 | D:8      | Found a transporter.
 10522 | D:8      | Found a transporter.
 10987 | D:9      | Learned a level 3 spell: Stone Arrow
 10997 | D:9      | Reached skill level 5 in Dodging
 11035 | D:9      | Found Irotasm's Antique Armour Shop.
 11242 | D:9      | Reached *** piety under Ashenzari
 11633 | D:9      | Identified the +1 buckler of Lesser Demons {rF+}
 11797 | D:9      | Reached skill level 5 in Stealth
 12403 | D:9      | Noticed a two-headed ogre
 12444 | D:9      | Killed a two-headed ogre
 12636 | D:2      | Bought a scroll labelled TASHRA LUOFO for 21 gold pieces
 12880 | D:10     | Entered Level 10 of the Dungeon
 13184 | D:10     | Found the +7 sceptre of Torment {pain, torment}
 13193 | D:10     | Found a staircase to the Lair.
 13537 | D:10     | Reached XP level 11. HP: 63/63 MP: 13/27
 13812 | D:10     | Found Agocut's Antique Armour Shoppe.
 13836 | D:10     | Found a sparkling altar of Nemelex Xobeh.
 13836 | D:10     | Noticed Erica
 13837 | D:10     | Found an opulent altar of Gozag.
 13838 | D:10     | Killed Erica
 13839 | D:10     | Reached skill level 5 in Short Blades
 13983 | D:10     | Found a staircase to the Orcish Mines.
 13984 | D:10     | Noticed Psyche
 14093 | D:10     | Found Dyip All's Jewellery Boutique.
 14331 | D:10     | Found Iluiheu's Jewellery Shoppe.
 14463 | D:10     | Killed Psyche
 14827 | D:10     | Found Qysueckeot's Distillery.
 14916 | Lair:1   | Entered Level 1 of the Lair of Beasts
 14919 | Lair:1   | Noticed Nergalle
 14932 | Lair:1   | Killed Nergalle
 15156 | Lair:1   | Upgraded the game from 0.27-a0-1586-gd5c625afe7 to
                  | 0.27-a0-1591-gc56fcc985a
 15409 | Lair:1   | Reached **** piety under Ashenzari
 15444 | Lair:1   | Reached skill level 10 in Spellcasting
 15458 | Lair:1   | Learned a level 4 spell: Fulminant Prism
 15876 | Lair:1   | Reached ***** piety under Ashenzari
 16263 | Lair:2   | Reached skill level 1 in Hexes
 16263 | Lair:2   | Reached XP level 12. HP: 75/75 MP: 22/32
 16268 | Lair:2   | Learned a level 4 spell: Iskenderun's Mystic Blast
 16273 | Lair:2   | Learned a level 4 spell: Airstrike
 16360 | Lair:2   | Noticed a seven-headed hydra
 16367 | Lair:2   | Killed a seven-headed hydra
 17373 | Lair:3   | Noticed a death yak
 17378 | Lair:3   | Noticed a death yak
 17379 | Lair:3   | Noticed a death yak
 17476 | Lair:2   | Killed a death yak
 17477 | Lair:2   | Reached skill level 6 in Air Magic
 17612 | Lair:3   | Reached skill level 1 in Translocations
 17895 | Lair:3   | Noticed a six-headed hydra
 17956 | Lair:3   | Killed a six-headed hydra
 18044 | Lair:3   | Learned a level 3 spell: Swiftness
 18074 | Lair:3   | Noticed a death yak
 18334 | Lair:3   | Reached skill level 7 in Air Magic
 18619 | Lair:3   | Reached skill level 8 in Air Magic
 18858 | Lair:3   | Killed a death yak
 18984 | Lair:3   | Killed a death yak
 18985 | Lair:3   | Reached XP level 13. HP: 82/82 MP: 5/35
 19322 | Lair:4   | Reached skill level 9 in Air Magic
 19605 | Lair:4   | Identified the +4 scale mail of Wajana {Rampage rElec
                  | Str+3}
 19833 | Lair:4   | Found a staircase to the Snake Pit.
 19892 | Lair:4   | Found a staircase to the Swamp.
 20096 | Lair:4   | Learned a level 4 spell: Sticky Flame
 20545 | Lair:5   | Reached skill level 10 in Air Magic
 21135 | Lair:5   | Found a staircase to the Slime Pits.
 22515 | Lair:4   | Reached skill level 11 in Air Magic
 22724 | Lair:4   | Reached XP level 14. HP: 62/88 MP: 15/37
 23152 | Lair:6   | Entered Level 6 of the Lair of Beasts
 24357 | Lair:6   | Reached skill level 12 in Air Magic
 24830 | Lair:6   | Identified the +6 hand axe of Voesam {protect, Int+5}
 25169 | Lair:6   | Identified the +5 fustibalus of Interdependent Arising
                  | {freeze, SInv}
 25174 | Lair:6   | Found the +7 captain's cutlass {speed, disarm}
 25384 | Lair:6   | Learned a level 2 spell: Poisonous Vapours
 25388 | Lair:6   | Learned a level 3 spell: Mephitic Cloud
 25394 | Lair:6   | Learned a level 5 spell: Freezing Cloud
 25417 | Lair:6   | Reached skill level 1 in Fire Magic
 25693 | Orc:1    | Entered Level 1 of the Orcish Mines
 25793 | Orc:2    | Entered Level 2 of the Orcish Mines
 25797 | Orc:2    | Found a staircase to the Elven Halls.
 25869 | Orc:2    | Found a gate leading to a gauntlet.
 25880 | Orc:2    | Found a dark tunnel.
 25914 | Volcano  | Entered a volcano
 25933 | Volcano  | Reached skill level 1 in Ice Magic
 26003 | Volcano  | Reached skill level 13 in Air Magic
 26380 | Orc:1    | Found Akliobek's Magic Scroll Boutique.
 26815 | Orc:2    | Reached skill level 5 in Fighting
 26964 | Orc:2    | Noticed Jorgrun
 27042 | Orc:2    | Killed Jorgrun
 27043 | Orc:2    | Reached XP level 15. HP: 52/94 MP: 24/39
 27631 | Orc:2    | Found Jutod's General Store.
 27631 | Orc:2    | Found Nuploag's Weapon Boutique.
 27633 | Orc:2    | Found Xinuk's Jewellery Boutique.
 27633 | Orc:2    | Found Sato's Magic Scroll Emporium.
 27644 | Orc:2    | Bought a +1 cloak of willpower for 280 gold pieces
 27683 | Orc:1    | Bought a scroll of enchant armour for 112 gold pieces
 28795 | D:12     | Noticed Gastronok
 28816 | D:12     | Killed Gastronok
 30832 | D:13     | Found a runed translucent door.
 30833 | D:13     | Noticed Qiacvoiz's ghost (journeyman DgAE)
 30834 | D:13     | Identified the +9 spear "Capsusm" {drain, +Blink rPois
                  | Dex-4}
 31512 | D:14     | Found a frozen archway.
 31727 | D:14     | Reached skill level 5 in Fire Magic
 31959 | IceCv    | Entered an ice cave
 31971 | IceCv    | Reached skill level 14 in Air Magic
 33412 | D:14     | Found a gate to the Vaults.
 33789 | D:14     | Reached XP level 16. HP: 97/101 MP: 34/40
 33964 | D:14     | Reached skill level 10 in Short Blades
 34030 | D:14     | Found a white marble altar of Elyvilon.
 34036 | D:14     | Found a glowing silver altar of Zin.
 34038 | D:14     | Found a glowing golden altar of the Shining One.
 34353 | D:15     | Entered Level 15 of the Dungeon
 34654 | D:15     | Found the +6 lightning scales {swift, rElec}
 34666 | D:15     | Found a staircase to the Depths.
 35946 | Swamp:1  | Entered Level 1 of the Swamp
 36168 | Swamp:1  | Found a stormy altar of Qazlal.
 37070 | D:10     | Gained mutation: Your muscles are strong. (Str +2) [potion
                  | of mutation]
 37070 | D:10     | Gained mutation: You are partially covered in iridescent
                  | scales. (AC +2) [potion of mutation]
 37247 | Swamp:2  | Reached skill level 1 in Shields
 37563 | D:9      | Bought a jewelled kite shield for 171 gold pieces
 37563 | D:9      | Identified the +0 kite shield "Biopryf" {rF+} (You bought
                  | it in a shop on level 9 of the Dungeon)
 37725 | Swamp:2  | Reached skill level 5 in Shields
 38325 | Swamp:2  | Noticed a thorn hunter
 38356 | Swamp:2  | Killed a thorn hunter
 38939 | Swamp:2  | Reached XP level 17. HP: 104/108 MP: 42/42
 38955 | Swamp:3  | Reached skill level 10 in Shields
 38978 | Swamp:3  | Reached ****** piety under Ashenzari
 39713 | Swamp:3  | Noticed Kirke
 39719 | Swamp:3  | Killed Kirke
 40244 | Swamp:3  | Identified the +2 leather armour "Joluim" {rElec}
 40480 | Swamp:4  | Entered Level 4 of the Swamp
 40518 | Swamp:4  | Identified the +1 pair of boots of the Purple Skies {rPois
                  | Dex+6}
 41936 | Swamp:4  | Reached skill level 15 in Air Magic
 42076 | Swamp:4  | Upgraded the game from 0.27-a0-1591-gc56fcc985a to
                  | 0.27-a0-1595-g0b823d0a13
 42105 | Swamp:4  | Learned a level 6 spell: Starburst
 42223 | Swamp:4  | Noticed Roxanne
 42345 | Swamp:4  | Noticed the 27-headed Lernaean hydra
 43009 | Swamp:4  | Killed the 27-headed Lernaean hydra
 43304 | Swamp:4  | Got a decaying rune of Zot
 43806 | D:2      | Bought a book of Cantrips for 208 gold pieces
 43808 | D:2      | Learned a level 1 spell: Apportation
 44306 | Elf:1    | Entered Level 1 of the Elven Halls
 44503 | Elf:1    | Reached XP level 18. HP: 73/115 MP: 44/44
 44734 | Elf:1    | Found Noikk's Antique Weapon Shoppe.
 44791 | Elf:1    | Reached skill level 15 in Spellcasting
 45204 | Elf:1    | Paralysed by an air elemental for 1 turns
 45241 | Elf:1    | Reached skill level 16 in Air Magic
 45300 | Elf:1    | Identified the Tome of Necromancy
 45713 | Elf:1    | Paralysed by an air elemental for 1 turns
 45721 | Elf:1    | Paralysed by an air elemental for 1 turns
 47589 | Elf:2    | Paralysed by an air elemental for 1 turns
 47595 | Elf:2    | Paralysed by an air elemental for 1 turns
 47601 | Elf:2    | Paralysed by an air elemental for 1 turns
 47678 | Elf:2    | Paralysed by an air elemental for 1 turns
 47974 | Elf:2    | Paralysed by an air elemental for 1 turns
 48303 | Elf:2    | Found a runed translucent gate.
 48303 | Elf:2    | Found a runed translucent gate.
 48304 | Elf:2    | Found a runed translucent gate.
 48522 | Elf:2    | Noticed a deep elf blademaster
 48575 | Elf:3    | Entered Level 3 of the Elven Halls
 49239 | Elf:3    | Reached skill level 17 in Air Magic
 49677 | Elf:3    | Paralysed by an air elemental for 1 turns
 49686 | Elf:3    | Paralysed by an air elemental for 1 turns
 49691 | Elf:3    | Paralysed by an air elemental for 1 turns
 49884 | Elf:3    | Reached XP level 19. HP: 121/121 MP: 33/46
 49983 | Elf:3    | Reached skill level 15 in Conjurations
 50266 | Elf:3    | Found Uhyrenew's Book Shoppe.
 50273 | Elf:3    | Bought a book of Storms for 512 gold pieces
 50278 | Elf:3    | Learned a level 4 spell: Summon Lightning Spire
 50427 | Elf:3    | Reached skill level 1 in Summonings
 51534 | Elf:3    | Identified the ring of Freedom {Wiz Int+4}
 51873 | Elf:3    | Identified the +0 chain mail of Whack-A-Mole {*Corrode
                  | Will+ MP+9 SInv}
 51926 | Elf:2    | Reached skill level 18 in Air Magic
 52597 | Elf:3    | Identified the +1 robe of the Hart {+Blink Will+++ Stlth+}
 52597 | Elf:3    | Identified the ring "Syecvoj" {rElec rF+ rN+ Will+}
 52868 | Elf:3    | Found the amulet of Vitality {Regen+ HP+15}
 52955 | Elf:3    | Learned a level 2 spell: Passwall
 52986 | Elf:3    | Identified the Grimoire of Feathery Attacks
 53066 | Elf:3    | Identified Poadwow's Disquisition on Attacks
 53290 | Snake:1  | Entered Level 1 of the Snake Pit
 53911 | Snake:1  | Noticed Agnes
 53923 | Snake:1  | Killed Agnes
 54405 | Snake:2  | Noticed Aizul
 54412 | Snake:2  | Killed Aizul
 54444 | Snake:2  | Reached XP level 20. HP: 124/124 MP: 44/46
 54552 | Snake:2  | Reached skill level 1 in Armour
 54650 | Snake:2  | Reached skill level 1 in Transmutations
 54729 | Snake:2  | Reached skill level 10 in Stealth
 55009 | Snake:2  | Found Pumpu's Book Boutique.
 55010 | Snake:2  | Found Afush's Jewellery Emporium.
 55011 | Snake:2  | Found Moping's Book Boutique.
 55020 | Snake:2  | Bought the ring "Jupaeq" {rPois rN++} for 600 gold pieces
 55486 | Snake:3  | Reached skill level 5 in Summonings
 55584 | Snake:3  | Reached skill level 10 in Dodging
 55668 | Snake:3  | Found Lewicw's Distillery.
 56035 | Snake:3  | Found Argha's Assorted Antiques.
 56117 | Snake:3  | Bought 2 scrolls labelled MOUSUTSUIN for 68 gold pieces
 56117 | Snake:3  | Found Qepeshiu's Antique Weapon Shoppe.
 56127 | Snake:3  | Acquired 722 gold pieces
 56128 | Snake:3  | Acquired 463 gold pieces
 56136 | Snake:3  | Bought a masterwork scimitar for 396 gold pieces
 56136 | Snake:3  | Identified the +9 scimitar "Mesin Qir" {speed, rF+} (You
                  | bought it in a shop on level 3 of the Snake Pit)
 56136 | Snake:3  | Bought a jewelled dagger for 308 gold pieces
 56136 | Snake:3  | Identified the +7 dagger "Icleshad" {drain, rC+ rN++ Dex-2}
                  | (You bought it in a shop on level 3 of the Snake Pit)
 56732 | Snake:3  | Upgraded the game from 0.27-a0-1595-g0b823d0a13 to
                  | 0.27-a0-1597-ge58577e147
 56847 | Snake:4  | Entered Level 4 of the Snake Pit
 57422 | Snake:4  | Noticed Vashnia
 59396 | Snake:4  | Killed Vashnia
 60015 | Snake:4  | Reached XP level 21. HP: 120/127 MP: 39/46
 60318 | Snake:4  | Got a serpentine rune of Zot
 60776 | Vaults:1 | Entered Level 1 of the Vaults
 60835 | Vaults:1 | Noticed Saint Roka
 60914 | Vaults:1 | Found a flickering gateway to a bazaar.
 60923 | Bazaar   | Entered a bazaar
 61039 | Bazaar   | Found Gomol's General Store.
 61070 | Bazaar   | Found Xenob's Armour Boutique.
 61070 | Bazaar   | Found Diofuhiw's Assorted Antiques.
 61100 | Bazaar   | Found Pova's Book Shop.
 61127 | Bazaar   | Bought an Inescapable Atlas for 476 gold pieces
 61139 | Bazaar   | Bought a scroll of summoning for 180 gold pieces
 61153 | Bazaar   | Bought a scroll of enchant armour for 150 gold pieces
 61159 | Bazaar   | Bought a +2 buckler of protection for 258 gold pieces
 61178 | Bazaar   | Bought a book of the Tundra for 476 gold pieces
 61866 | Vaults:1 | Learned a level 4 spell: Hailstorm
 61882 | Vaults:1 | Reached skill level 1 in Necromancy
 61953 | Vaults:1 | Reached skill level 1 in Evocations
 62325 | Vaults:1 | Reached skill level 1 in Poison Magic
 62565 | Vaults:1 | Reached skill level 5 in Ice Magic
 62911 | Vaults:1 | Reached skill level 1 in Earth Magic
 62972 | Vaults:1 | Reached skill level 5 in Translocations
 63131 | Vaults:1 | Killed Saint Roka
 63531 | Vaults:1 | Learned a level 7 spell: Spellforged Servitor
 64126 | Vaults:2 | Found a staircase to the Crypt.
 65030 | Vaults:2 | Reached XP level 22. HP: 131/135 MP: 47/47
 65219 | Vaults:2 | Reached skill level 5 in Armour
 65339 | Vaults:2 | Reached skill level 5 in Transmutations
 66985 | Vaults:2 | Upgraded the game from 0.27-a0-1597-ge58577e147 to
                  | 0.28-a0-2-g643f2454ad
 67067 | Crypt:1  | Entered Level 1 of the Crypt
 67759 | Crypt:1  | HP: 5/134 [jiangshi[a vampire mage] (15)]
 69432 | Crypt:1  | Identified the +10 dagger "Woekufai" {vorpal, Str+4 Int+2}
 69433 | Crypt:1  | Found a shimmering blue altar of Sif Muna.
 70027 | Crypt:1  | Identified the Grimoire of the Entourage
 70033 | Crypt:1  | Identified the Papyrus of Terror
 70329 | Crypt:2  | Noticed Bai Suzhen
 70333 | Crypt:2  | Killed Bai Suzhen
 70971 | Crypt:2  | Reached skill level 15 in Shields
 70971 | Crypt:2  | Reached skill level 19 in Air Magic
 71783 | Crypt:2  | Reached XP level 23. HP: 140/140 MP: 44/48
 71977 | Crypt:2  | Noticed Margery
 72023 | Crypt:2  | Killed from afar by Margery

Illustrated notes

Levels and vault maps discovered:
D:1:      mrwooster_arrival_statue_2, layout_basic,
          chequers_ecumenical_altar_twisty
D:2:      layout_loops_ring, serial_shops, nicolae_shop_statue_plus,
          nicolae_shop_waterfront, nicolae_shop_competitors_out_of_business,
          shop, grunt_decor_arrowhead, hex_medium, chequers_arboretum,
          uniq_robin, uniq_terence
D:3:      layout_basic, chequers_temple_overflow_statue_of_worship,
          serial_glass, glass_columns_a, glass_columns_b, glass_columns_c,
          glass_columns_a, glass_columns_b, glass_columns_c, glass_columns_a,
          glass_columns_b, uniq_sigmund, uniq_grinder
D:4:      layout_gridville, ebering_ghost_rock_garden, saegor_snake_ambush
D:5:      layout_rooms, nicolae_tso_carved_into_rock, serial_shops,
          nicolae_shop_stone, uniq_ijyb, uniq_crazy_yiuf_cottage, uniq_pikel
D:6:      layout_layer_cave, minmay_temple_entry_glass,
          nicolae_ossuary_entry_monument
D:7:      layout_rooms, general_overflow_altar, demons_altar,
          nicolae_qazlal_eye_of_the_storm, serial_shops, shop
D:8:      layout_loops_ring, gammafunk_ghost_hive
D:9:      layout_basic, serial_shops, shop, serial_bayou_pond_e,
          hangedman_decor_clover_reticule, nrook_pool_corridor
D:10:     layout_roguey [special_room_orc], grunt_temple_overflow_opulence,
          lair_entry_dummy, zombieorc2_lemuel, serial_shops, shop,
          nicolae_lakefront_shop, nicolae_shop_trees, shop, uniq_erica,
          uniq_psyche
D:11:     layout_rooms
D:12:     layout_long_grid, uniq_gastronok
D:13:     kennysheep_bubbly, layout_long_grid, ebering_ghost_funeral_grove
D:14:     layout_basic, skrybe_vaults_entry_preservation, good_gods_mini_temple,
          portal_ice_cave_entry_ice_simulacra, corexii_checkpoint_a
D:15:     hangedman_depths_entry_try_elsewhere_first, layout_irregular_city,
          minmay_unpleasant_kobolds
Temple:   dpeg_chambers_temple
Lair:1:   layout_cave_shapes, lemuel_fruit_tree, serial_bayou_shore_b,
          lemuel_fruit_fields, grunt_megastairs_3, uniq_nergalle
Lair:2:   layout_layer_cave, minivault_26, infiniplex_staircase_pool
Lair:3:   layout_roguey, lemuel_fruit_fields
Lair:4:   layout_misc_corridors, minmay_swamp_entry_reptiles,
          minmay_snake_entry_six_corridors, serial_forest,
          infiniplex_forest_end_1, infiniplex_forest_fountain,
          infiniplex_forest_clump_small, infiniplex_forest_clump_tiny,
          infiniplex_forest_end_2, infiniplex_forest_clump_diagonal,
          infiniplex_forest_lined_room_3, serial_bayou_shore_b
Lair:5:   wander_river, layout_small_grid, nicolae_slime_entry_slimehenge,
          grunt_megastairs_4
Lair:6:   gammafunk_lair_ancient_temple, layout_cave_pods, dpeg_oklob_1
Swamp:1:  layout_falls_marsh, nicolae_swamp_godswood
Swamp:2:  layout_basic_swamp, evilmike_swamp_ruin_rubble_2
Swamp:3:  layout_basic_swamp, nicolae_swamp_treefoil, swamp_pool1, uniq_kirke
Swamp:4:  swamp_old_school, layout_basic_swamp, swamp_pool1,
          nicolae_swamp_tree_designs, uniq_roxanne
Snake:1:  layout_onion_interference, hangedman_snake_wide_pillar_pass,
          uniq_agnes
Snake:2:  layout_concentric_octagons, grunt_ministairs_12, grunt_megastairs_2,
          minmay_shop_grove, serial_bayou_shore_b, uniq_aizul
Snake:3:  layout_misc_corridors, serial_shops, shop_statue,
          nicolae_snake_slithery_corners, minmay_shop_star, grunt_megastairs_5
Snake:4:  grunt_snake_rune_serpentine_throne, layout_misc_corridors,
          uniq_vashnia
Orc:1:    layout_caves, serial_shops, shop_fountains
Orc:2:    grunt_orc_tribal_feast, layout_diamond_mine,
          lightli_volcano_entry_magma_tube, gauntlet_entry_generic, uniq_jorgrun
Elf:1:    elf_arrival_002, layout_onion_city, serial_shops, shop,
          minmay_elf_necromancy, grunt_ministairs_3, kb_rosetta
Elf:2:    nicolae_elf_blades_splatter_lattice
          [nicolae_blade_entry_sentries_behind_glass], layout_loops_cross,
          drop_trap
Elf:3:    minmay_elf_hall, layout_loops_cross, serial_shops, shop
Vaults:1: ontoclasm_vaults_misaligned, v_misc_3, st_eye,
          hangedman_vaults_stream, hangedman_vaults_trim,
          nicolae_vaults_border_crossing, ontoclasm_vaults_chip,
          layout_vaults_big_room, serial_shops, bzr_entry_dummy, uniq_saint_roka
Vaults:2: hangedman_vaults_stretched_pinwheel, st_diamondy,
          nicolae_vaults_bisected_exclaves, v_alt_pattern_2,
          nicolae_vaults_windows_and_doors_thing, v_misc_33,
          nicolae_vaults_little_squares_4, minmay_crypt_entry_nasty_monster,
          hangedman_vaults_impose, vaults_room_fours, layout_vaults_quadrants
Crypt:1:  layout_catacombs, hangedman_summoners_spam
Crypt:2:  hangedman_screamer, layout_basic, lemuel_nasty_fountain, uniq_donald,
          uniq_mennas, uniq_bai_suzhen, uniq_margery

Skill      XL: |  1  2  3  4  5  6  7  8  9 10 11 12 13 14 15 16 17 18 19 20 21 22 23 |
---------------+----------------------------------------------------------------------+-----
Conjurations   | 6 7 8 9 11 12 13 14 15 16 | 16.7
Short Blades   | 1 2 3 4 6 7 8 9 10 11 12 13 | 13.6
Spellcasting   | 3 4 6 7 9 10 11 12 13 14 16 17 | 17.3
Dodging        | 3 4 6 7 8 9 10 11 | 11.3
Fighting       | 1 2 4 5 6 7 8 9 |  9.3
Stealth        | 3 4 5 6 7 8 9 10 11 | 11.3
Air Magic      | 5 8 11 13 14 15 17 18 19 | 19.0
Hexes          | 1 2 3 4 |  4.0
Translocations | 3 4 5 |  5.8
Fire Magic     | 2 6 8 9 |  9.2
Ice Magic      | 2 3 4 5 6 |  6.0
Shields        | 9 13 14 15 | 15.0
Summonings     | 4 7 8 9 |  9.1
Armour         | 3 4 5 |  5.9
Transmutations | 4 5 |  5.5
Necromancy     | 2 4 |  4.1
Evocations     | 2 3 |  3.9
Poison Magic   | 2 3 |  3.5
Earth Magic    | 1 2 |  2.7

Action                   |  1- 3 |  4- 6 |  7- 9 | 10-12 | 13-15 | 16-18 | 19-21 | 22-24 || total
-------------------------+-------+-------+-------+-------+-------+-------+-------+-------++-------
Melee: Short sword       |     3 |    51 |    53 |    11 |       |       |       |       ||   118
       Peck              |     1 |     3 |    10 |    74 |   194 |   243 |   378 |   298 ||  1201
       Unarmed           |     1 |       |       |       |       |       |       |       ||     1
       Kick              |       |     8 |    22 |   114 |   287 |   412 |   522 |   449 ||  1814
       Dagger            |       |       |     5 |   326 |   368 |       |       |       ||   699
       Eveningstar       |       |       |       |     9 |       |       |       |       ||     9
       Cutlass           |       |       |       |       |   452 |  1067 |  1419 |   946 ||  3884
 Cast: Magic Dart        |    49 |    61 |   130 |   169 |    52 |    30 |    10 |       ||   501
       Searing Ray       |     1 |     9 |    57 |    79 |    12 |     2 |       |       ||   160
       Stone Arrow       |       |       |       |     1 |    16 |       |       |       ||    17
       Airstrike         |       |       |       |    49 |   213 |   260 |   231 |    77 ||   830
       Iskenderun's Myst |       |       |       |     2 |    72 |    12 |     9 |     2 ||    97
       Swiftness         |       |       |       |     1 |       |       |       |       ||     1
       Dazzling Flash    |       |       |       |       |     5 |       |       |       ||     5
       Shock             |       |       |       |       |     2 |       |    14 |    27 ||    43
       Freezing Cloud    |       |       |       |       |    19 |    48 |    88 |     8 ||   163
       Sticky Flame      |       |       |       |       |    11 |     1 |     8 |    16 ||    36
       Fulminant Prism   |       |       |       |       |     1 |       |       |       ||     1
       Starburst         |       |       |       |       |       |     2 |     4 |     2 ||     8
       Apportation       |       |       |       |       |       |     2 |     2 |     1 ||     5
       Passwall          |       |       |       |       |       |       |     7 |       ||     7
       Mephitic Cloud    |       |       |       |       |       |       |     4 |       ||     4
       Poisonous Vapours |       |       |       |       |       |       |     2 |       ||     2
       Summon Lightning  |       |       |       |       |       |       |    45 |    31 ||    76
       Spellforged Servi |       |       |       |       |       |       |     9 |    10 ||    19
Invok: Curse Item        |       |       |     3 |     5 |     1 |     2 |     3 |     1 ||    15
       Shatter the Chain |       |       |       |       |     2 |       |     3 |     2 ||     7
Evoke: Wand              |       |       |       |       |     7 |     3 |    10 |     2 ||    22
       Tin of tremorston |       |       |       |       |     1 |       |       |       ||     1
       Phial of floods   |       |       |       |       |       |       |     1 |     1 ||     2
  Use: Scroll            |       |     3 |     2 |     3 |     4 |     5 |    10 |     4 ||    31
       Potion            |       |       |       |     2 |     2 |     9 |     4 |     2 ||    19
 Stab: Sleeping          |     1 |     2 |     3 |    16 |    24 |    44 |    42 |    15 ||   147
       Invisible         |       |       |       |       |     5 |       |       |     1 ||     6
       Distracted        |       |       |       |       |     4 |     9 |    12 |    13 ||    38
       Confused          |       |       |       |       |       |     2 |     2 |       ||     4
Armor: Robe              |       |     9 |    17 |    33 |    81 |    69 |    62 |    69 ||   340
Dodge: Dodged            |     8 |    74 |    64 |   184 |   443 |   430 |   450 |   313 ||  1966
Block: Other             |       |       |    13 |     5 |       |       |       |       ||    18
       Reflection        |       |       |     1 |     5 |     6 |    37 |    54 |    12 ||   115
       Buckler           |       |       |       |   136 |   276 |   320 |   395 |   358 ||  1485

Table legend: (Time is in decaauts)
 A = Elapsed time spent in this place.
 B = Non-inter-level travel time spent in this place.
 C = Inter-level travel time spent in this place.
 D = Time resting spent in this place.
 E = Time spent auto-exploring this place.
 F = Levels seen in this place.
 G = Mean time per level.
                   A        B        C        D        E       F      G
               +--------+--------+--------+--------+--------+-----+--------+
         Total |  66406 |  62078 |   4328 |   9842 |  40116 |  43 | 1544.3 |
       Dungeon |  20615 |  18610 |   2005 |    858 |  15072 |  15 | 1374.3 |
        Temple |    205 |    185 |     20 |      0 |    183 |   1 |  205.0 |
          Lair |  10704 |   9670 |   1034 |   2138 |   5650 |   6 | 1784.0 |
         Swamp |   6676 |   6273 |    403 |   1762 |   3351 |   4 | 1669.0 |
     Snake Pit |   6499 |   6247 |    252 |   1191 |   3512 |   4 | 1624.8 |
  Orcish Mines |   1784 |   1618 |    166 |    292 |    898 |   2 |  892.0 |
   Elven Halls |   8209 |   8044 |    165 |   2187 |   4241 |   3 | 2736.3 |
        Vaults |   5177 |   5048 |    129 |    135 |   3603 |   2 | 2588.5 |
         Crypt |   4240 |   4092 |    148 |    920 |   2116 |   2 | 2120.0 |
        Bazaar |    246 |    246 |      0 |      0 |    186 |   1 |  246.0 |
       Ossuary |    549 |    549 |      0 |     86 |    345 |   1 |  549.0 |
      Ice Cave |   1181 |   1181 |      0 |    270 |    765 |   1 | 1181.0 |
       Volcano |    316 |    316 |      0 |      0 |    187 |   1 |  316.0 |
               +--------+--------+--------+--------+--------+-----+--------+

Top non-repeatable levels by time:
 Crypt:1: 3348 daAuts
 Snake:4: 2921 daAuts
Vaults:2: 2917 daAuts
   Elf:3: 2863 daAuts
   Elf:1: 2835 daAuts
 Swamp:4: 2594 daAuts
   Elf:2: 2510 daAuts
  Lair:4: 2483 daAuts
    D:10: 2326 daAuts
Vaults:1: 2259 daAuts
  Lair:3: 1966 daAuts
    D:13: 1834 daAuts
  Lair:5: 1784 daAuts
 Snake:3: 1758 daAuts
     D:9: 1665 daAuts
